[Event "Titled Tuesday Blitz March 08 Late 2022"]
[White "Kopczynski, Michal"]
[Black "Nikologorsky, Matfei"]
[WhiteFideId "1124200"]
[BlackFideId "24102474"]
[WhiteElo "2235"]
[BlackElo "2231"]
[Result "0-1"]
[Round "11"]
[TimeControl "180+1"]
[Date "2022.03.08"]
[WhiteClock "0:00:15"]
[BlackClock "0:00:11"]

1. e4 c5 2. d4 cxd4 3. c3 dxc3 4. Nxc3 Nc6 5. f4 d6 6. Nf3 e6 7. Bd3 Be7 8. O-O Nf6 9. Qe1 e5 10. f5 O-O 11. Kh1 d5 12. exd5 Nxd5 13. Nxd5 Qxd5 14. Be4 Qb5 15. Be3 Bf6 16. Qg3 Nd4 17. Bg5 Bxg5 18. Nxg5 f6 19. a4 Qa5 20. b4 Qd8 21. Nf3 Nxf5 22. Qf2 Nh6 23. Rad1 Qe7 24. Qh4 Bf5 25. Bd5+ Be6 26. Be4 Rad8 27. h3 b6 28. Nxe5 Rxd1 29. Rxd1 Rd8 30. Rxd8+ Qxd8 31. Nc6 Qd1+ 32. Kh2 Qd6+ 33. Kh1 a6 34. Qf2 Nf5 35. g4 Ng3+ 36. Kg2 Nxe4 37. Qxb6 Bd5 38. Qd8+ Qxd8 39. Nxd8 Kf8 40. Kf1 Ke7 41. Ke2 Kxd8 42. Ke3 Bb7 43. b5 axb5 44. axb5 Ke7 45. Kf4 Ke6 46. h4 g5+ 47. hxg5 fxg5+ 48. Kf3 Nf6+ 49. Kg3 Ke5 50. Kh3 Ne4 51. b6 Kf4 52. Kh2 Kxg4 53. Kg1 Kg3 54. Kh1 h5 55. Kg1 h4 56. Kf1 h3 57. Ke2 h2 58. Ke3 h1=Q 59. Kd4 Qb1 60. Ke5 Qxb6 61. Kf5 Bc8+ 62. Ke5 Qe6+ 63. Kd4 Nd6 64. Kc5 Nf5 65. Kb4 Qc6 66. Kb3 Be6+ 67. Kb4 Qc4+ 68. Ka5 Qb3 69. Ka6 Bd5 70. Ka7 Qb7# 0-1


[Site "https://www.chess.com"]

[Event "Titled Tuesday Blitz March 08 Late 2022"]
[White "Korchmar, Vasiliy"]
[Black "Cori T., Deysi"]
[WhiteFideId "24131750"]
[BlackFideId "3801934"]
[WhiteElo "2370"]
[BlackElo "2341"]
[Result "1-0"]
[Round "11"]
[TimeControl "180+1"]
[Date "2022.03.08"]
[WhiteClock "0:00:08"]
[BlackClock "0:00:08"]

1. e4 e6 2. d4 d5 3. e5 c5 4. c3 Nc6 5. Nf3 Bd7 6. Be2 Nge7 7. Na3 Nf5 8. Nc2 cxd4 9. cxd4 Nb4 10. Nxb4 Bxb4+ 11. Kf1 h5 12. Bd3 Rc8 13. g3 Qb6 14. Bxf5 exf5 15. Kg2 Be7 16. Bg5 Bxg5 17. Nxg5 h4 18. Qf3 Be6 19. Rhc1 h3+ 20. Kg1 Rxc1+ 21. Rxc1 Qxb2 22. Qc3 Qxc3 23. Rxc3 Kd7 24. f4 b5 25. Ra3 Ra8 26. Ra6 b4 27. Kf2 Rc8 28. Rxa7+ Ke8 29. Ke3 Rc2 30. Nxh3 Rxh2 31. Nf2 Rg2 32. Kf3 Rg1 33. Nd3 Rd1 34. Ke2 Rg1 35. Kf2 Rd1 36. Ke2 Rg1 37. Nxb4 Rxg3 38. a4 g5 39. fxg5 f4 40. a5 Bg4+ 41. Kf2 Rb3 42. Nxd5 Rb2+ 43. Ke1 f3 44. Nf6+ Kf8 45. Nxg4 Re2+ 46. Kf1 Re4 47. Nf6 Rxd4 48. Ra8+ Ke7 49. Re8# 1-0


[Site "https://www.chess.com"]

[Event "Titled Tuesday Blitz March 08 Late 2022"]
[White "Kosakowski, Jakub"]
[Black "Maltsevskaya, Aleksandra"]
[WhiteFideId "1185080"]
[BlackFideId "24174041"]
[WhiteElo "2476"]
[BlackElo "2241"]
[Result "0-1"]
[Round "11"]
[TimeControl "180+1"]
[Date "2022.03.08"]
[WhiteClock "0:01:23"]
[BlackClock "0:02:18"]

1. e4 c5 2. Nf3 e6 3. d4 cxd4 4. Nxd4 Nc6 5. Nc3 Nf6 6. Ndb5 Bc5 7. Bf4 O-O 8. Bc7 Qe7 9. Bd6 Bxd6 10. Qxd6 Qd8 11. Nc7 Ne8 12. Nxe8 Rxe8 13. O-O-O a6 14. Be2 b5 15. Kb1 Qa5 16. Bd3 b4 17. Ne2 Bb7 18. Qxd7 Rab8 19. Qd6 Red8 20. Qg3 b3 21. axb3 Nb4 22. Nc1 Rbc8 23. Qe3 Rxd3 0-1


[Site "https://www.chess.com"]

[Event "Titled Tuesday Blitz March 08 Late 2022"]
[White "Kostiukov, Alexandr"]
[Black "Avazkhonov, Alikhon"]
[WhiteFideId "14108100"]
[BlackFideId "14208504"]
[WhiteElo "2202"]
[BlackElo "1739"]
[Result "1-0"]
[Round "11"]
[TimeControl "180+1"]
[Date "2022.03.09"]
[WhiteClock "0:00:08"]
[BlackClock "0:00:02"]

1. g3 e5 2. Bg2 d6 3. c4 f5 4. Nc3 Nf6 5. e3 Be7 6. Nge2 O-O 7. O-O c6 8. d4 e4 9. d5 c5 10. f3 exf3 11. Bxf3 Nbd7 12. Nf4 Ne5 13. Bg2 Nxc4 14. Ne6 Bxe6 15. dxe6 Rb8 16. Rxf5 b5 17. a4 b4 18. Nd5 Nxd5 19. Qxd5 Ne5 20. Be4 g6 21. Rxf8+ Qxf8 22. Bd2 Ng4 23. Rf1 Nf6 24. Qd3 Qg7 25. Bg2 d5 26. b3 Rd8 27. Qa6 Ne4 28. Be1 Qe5 29. Rf7 Re8 30. Qc6 Qb8 31. Qxd5 Nd6 32. e4 Bf8 33. e5 Nxf7 34. exf7+ Kh8 35. fxe8=Q Qxe8 36. Bf2 Qe7 37. h4 a5 38. e6 Bg7 39. Be3 h5 40. Bxc5 Qf6 41. e7 Qa1+ 42. Kh2 1-0


[Site "https://www.chess.com"]

[Event "Titled Tuesday Blitz March 08 Late 2022"]
[White "Koutlas, Nikolaos"]
[Black "Stoleriu, George"]
[WhiteFideId "25827138"]
[BlackFideId "1227505"]
[WhiteElo "1610"]
[BlackElo "2203"]
[Result "0-1"]
[Round "11"]
[TimeControl "180+1"]
[Date "2022.03.08"]
[WhiteClock "0:00:19"]
[BlackClock "0:00:51"]

1. Nf3 Nf6 2. c4 e6 3. Nc3 b6 4. g3 Bb7 5. Bg2 Bb4 6. O-O O-O 7. Qc2 Re8 8. Re1 Bxc3 9. Qxc3 d6 10. d3 Nbd7 11. h4 e5 12. a3 a5 13. b3 Qe7 14. Bb2 h6 15. b4 axb4 16. axb4 Nf8 17. b5 Ne6 18. e3 Nc5 19. Rxa8 Rxa8 20. Ba1 Ra2 21. d4 Nce4 22. Qb3 Rxf2 23. dxe5 Rxg2+ 24. Kxg2 Nd2 25. exf6 Qe4 26. Qd1 Nxf3 27. Kf2 Nh2 28. Ke2 Qxc4+ 29. Kd2 Nf3+ 30. Qxf3 Bxf3 31. fxg7 Be4 32. Bc3 Qd3+ 0-1


[Site "https://www.chess.com"]

[Event "Titled Tuesday Blitz March 08 Late 2022"]
[White "Kozina, Anastasia"]
[Black "Dias, Joao Batista"]
[WhiteFideId "24174017"]
[BlackFideId "2108240"]
[WhiteElo "1993"]
[BlackElo "1898"]
[Result "1-0"]
[Round "11"]
[TimeControl "180+1"]
[Date "2022.03.09"]
[WhiteClock "0:00:11"]
[BlackClock "0:00:22"]

1. h3 d5 2. g4 e5 3. Bg2 Be6 4. d4 e4 5. e3 c5 6. Ne2 Nc6 7. c3 Qa5 8. dxc5 Qxc5 9. O-O h5 10. g5 Be7 11. h4 O-O-O 12. Nd4 Nxd4 13. cxd4 Qb6 14. Nc3 f6 15. Na4 Qa6 16. Nc5 Bxc5 17. dxc5 fxg5 18. hxg5 h4 19. Re1 h3 20. Bf1 Qc6 21. b4 h2+ 22. Kh1 Qd7 23. Bb2 Bg4 24. Be2 Bh3 25. Be5 Qf5 26. Bf4 Ne7 27. Qa4 Bg4 28. Bxg4 Qxg4 29. Qd1 Qe6 30. Qe2 Ng6 31. Bg3 Ne5 32. b5 Nf3 33. Rec1 d4 34. c6 b6 35. Qd1 dxe3 36. Qa4 a5 37. bxa6 Rd4 38. Qxd4 Nxd4 39. a7 Kd8 40. a8=Q+ Ke7 41. Qxh8 exf2 42. Qxg7+ Ke8 43. Qh8+ Ke7 44. Qh7+ Ke8 45. Qh5+ Ke7 46. Qh7+ Ke8 47. Qh8+ Ke7 48. Qxd4 e3 49. Bxf2 Qh3 50. Qe5+ Kf8 51. Qxe3 Qf5 52. Bg3 Qd5+ 53. Kxh2 1-0


[Site "https://www.chess.com"]

[Event "Titled Tuesday Blitz March 08 Late 2022"]
[White "Li, Ben"]
[Black "Rastbod, Ali"]
[WhiteFideId "2089980"]
[BlackFideId "12567477"]
[WhiteElo "2267"]
[BlackElo "2200"]
[Result "1-0"]
[Round "11"]
[TimeControl "180+1"]
[Date "2022.03.08"]
[WhiteClock "0:00:13"]
[BlackClock "0:00:03"]

1. d4 Nf6 2. c4 e6 3. Nf3 Bb4+ 4. Bd2 Qe7 5. g3 O-O 6. Bg2 Bxd2+ 7. Qxd2 b6 8. O-O Bb7 9. Nc3 Ne4 10. Nxe4 Bxe4 11. d5 d6 12. Qe3 Bxf3 13. exf3 e5 14. f4 Nd7 15. f5 Qf6 16. Be4 a5 17. Rab1 Nc5 18. Bc2 a4 19. f3 b5 20. cxb5 Rfb8 21. Bd3 h5 22. Rfc1 Rb6 23. Rxc5 dxc5 24. Qxc5 Qd6 25. Rc1 Qxc5+ 26. Rxc5 Ra7 27. Kf2 Kf8 28. Ke3 Ke7 29. Ke4 Kd6 30. Rc1 f6 31. h4 Ra5 32. g4 hxg4 33. fxg4 Ra8 34. Rh1 Ra5 35. h5 Raxb5 36. Bxb5 Rxb5 37. h6 gxh6 38. Rxh6 Rb4+ 39. Kf3 e4+ 40. Kf4 e3+ 41. Kxe3 Rxg4 42. Rxf6+ Kxd5 43. Rg6 Rb4 44. Rg2 Ke5 45. Rf2 Kf6 46. Kd3 c5 47. Kc3 Rd4 48. b3 axb3 49. Kxb3 Rb4+ 50. Kc3 Ra4 51. Kb2 Rb4+ 52. Kc1 Rc4+ 53. Kb1 Rb4+ 54. Ka1 Ra4 55. Kb2 Rb4+ 56. Ka3 Rb6 57. Ka4 Rb4+ 58. Ka5 Rb8 59. a4 c4 60. Ka6 c3 61. a5 Rb3 62. Ka7 Ra3 63. a6 c2 64. Rxc2 Kxf5 65. Re2 Ra4 66. Kb7 Rb4+ 67. Ka8 Rb3 68. a7 Rb4 69. Re8 Kf6 70. Rb8 Ra4 71. Rb6+ Ke7 72. Kb7 1-0


[Site "https://www.chess.com"]

[Event "Titled Tuesday Blitz March 08 Late 2022"]
[White "Martin Barcelo, Carles"]
[Black "Mogranzini, Roberto"]
[WhiteFideId "24561444"]
[BlackFideId "810894"]
[WhiteElo "2412"]
[BlackElo "2545"]
[Result "1-0"]
[Round "11"]
[TimeControl "180+1"]
[Date "2022.03.09"]
[WhiteClock "0:00:09"]
[BlackClock "0:00:21"]

1. e4 c5 2. Nf3 Nc6 3. Bb5 g6 4. O-O Bg7 5. c3 Nf6 6. Re1 O-O 7. d4 d5 8. e5 Ne4 9. Bxc6 bxc6 10. Be3 cxd4 11. cxd4 Rb8 12. Qc1 Qb6 13. b3 Bg4 14. h3 Bd7 15. Nc3 Nxc3 16. Qxc3 a5 17. Rab1 Qb4 18. Rec1 a4 19. Qxb4 Rxb4 20. Bd2 Rbb8 21. bxa4 f6 22. Bf4 Ra8 23. Rb4 Ra7 24. exf6 exf6 25. Nd2 Rfa8 26. Nb3 Bf8 27. Nc5 Bxc5 28. Rxc5 Rxa4 29. Rb7 R4a7 30. Rxa7 Rxa7 31. Rc2 Ra4 32. Rd2 g5 33. Bd6 Kf7 34. Bc5 Bf5 35. Re2 Be6 36. a3 Ra8 37. Rb2 Bc8 38. Re2 Be6 39. Rb2 Bd7 40. Re2 Kg6 41. g4 h5 42. Re7 Bc8 43. f3 hxg4 44. hxg4 Ba6 45. Re3 Bb5 46. Bb4 Rh8 47. Kg2 Kf7 48. Re1 Kg6 49. Rh1 Re8 50. Re1 Ra8 51. Kf2 Bc4 52. Kg2 Rh8 53. Rh1 Re8 54. Re1 Ra8 55. Kf2 Rh8 56. Kg2 Bd3 57. Rh1 Ra8 58. Re1 Ra7 59. Rd1 Bc4 60. Re1 Kf7 61. Rd1 Be2 62. Re1 Bd3 63. Rh1 Kg6 64. Rd1 Bc4 65. Re1 Rf7 66. Re3 Bb5 67. Re1 Rh7 68. Rh1 Rb7 69. Re1 Rb8 70. Rh1 f5 71. gxf5+ Kxf5 72. Re1 Rg8 73. Re5+ Kf6 74. Be7+ Kf7 75. Bxg5 Ra8 76. Be7 Rg8+ 77. Kf2 Rh8 78. Bc5 Rh2+ 79. Ke3 Rb2 80. Kf4 Rb3 81. Re7+ Kf6 82. Rh7 Be2 83. Rh6+ Kg7 84. Rxc6 Bxf3 85. Ke5 Be4 86. Kd6 Kg6 87. Rc7 Kf5 88. Ra7 Bd3 89. a4 Bc4 90. a5 Rb2 91. Bb6 Ra2 92. Re7 Kf4 93. Kc7 Kf5 94. Kb7 Kf6 95. Re8 Kf7 96. Ra8 Ke6 97. a6 Kd7 98. a7 Bb5 99. Rd8+ Ke7 100. a8=Q 1-0


[Site "https://www.chess.com"]

[Event "Titled Tuesday Blitz March 08 Late 2022"]
[White "Mikhalsky, Vladimir"]
[Black "Kuegel, Tobias"]
[WhiteFideId "14144352"]
[BlackFideId "4636295"]
[WhiteElo "2301"]
[BlackElo "2213"]
[Result "0-1"]
[Round "11"]
[TimeControl "180+1"]
[Date "2022.03.08"]
[WhiteClock "0:00:29"]
[BlackClock "0:00:15"]

1. c4 b6 2. d4 Bb7 3. f3 Nf6 4. e4 Nc6 5. Nc3 e5 6. d5 Nd4 7. Nge2 Bc5 8. Na4 Bb4+ 9. Kf2 Nxe2 10. Bxe2 O-O 11. a3 Bd6 12. b4 Nh5 13. c5 bxc5 14. bxc5 Be7 15. Rb1 Rb8 16. Bc4 Kh8 17. Be3 Bg5 18. Qd2 Bxe3+ 19. Qxe3 f5 20. exf5 Qh4+ 21. g3 Qxc4 22. Qe4 Bxd5 23. Qxc4 Bxc4 24. g4 Nf4 25. Ke3 Bb5 26. Nc3 Bc6 27. h4 g6 28. fxg6 hxg6 29. h5 gxh5 30. Ne4 Rxb1 31. Rxb1 hxg4 32. Rh1+ Kg7 33. Rg1 Nd5+ 34. Ke2 Nf6 35. Nxf6 Bxf3+ 36. Ke3 Kxf6 37. Rb1 Ke6 38. Rb4 Kd5 39. Ra4 Kxc5 40. Rxa7 Kb6 41. Ra4 d5 42. Rb4+ Kc5 43. Rb7 d4+ 44. Kd2 Bxb7 0-1


[Site "https://www.chess.com"]

[Event "Titled Tuesday Blitz March 08 Late 2022"]
[White "Mirzoev, Azer"]
[Black "Pichot, Alan"]
[WhiteFideId "13400304"]
[BlackFideId "110973"]
[WhiteElo "2525"]
[BlackElo "2579"]
[Result "0-1"]
[Round "11"]
[TimeControl "180+1"]
[Date "2022.03.08"]
[WhiteClock "0:00:02"]
[BlackClock "0:00:07"]

1. d4 Nf6 2. Nf3 d5 3. Bf4 c5 4. e3 Nc6 5. c3 Qb6 6. Qc2 cxd4 7. exd4 Bg4 8. Nbd2 e6 9. Qb3 Be7 10. h3 Bh5 11. Qxb6 axb6 12. a3 O-O 13. Bd3 Bg6 14. Be2 Rfc8 15. O-O Nd7 16. Rfe1 h6 17. Rac1 Bd8 18. Nf1 Bc7 19. Bxc7 Rxc7 20. Ne3 Be4 21. Rcd1 Bxf3 22. Bxf3 Na5 23. Be2 Nf6 24. Bd3 Ne8 25. h4 Nd6 26. h5 b5 27. Re2 Nac4 28. Ng4 Kf8 29. g3 Nxa3 30. bxa3 Rxa3 31. Rb2 Rcxc3 32. Bxb5 Rcb3 33. Rxb3 Rxb3 34. Bf1 Rb4 35. Ne3 Ke7 36. Kg2 Ne4 37. Nc2 Rb2 38. Bd3 Nd6 39. Ra1 Rb3 40. Bf1 Nf5 41. Ra7 Kf6 42. Be2 Rc3 43. Ra2 Kg5 44. Rb2 Rc7 45. Bd3 Ne7 46. Be2 Nc6 47. f4+ Kf6 48. Kf2 Ne7 49. Bd3 Rc3 50. Ke2 Rc7 51. Ne3 Nc6 52. Ng4+ Ke7 53. Ke3 f6 54. Nh2 Kd6 55. Nf3 Re7 56. Bb5 Na7 57. Ba4 b5 58. Bc2 Rb7 59. Bd3 b4 60. Nd2 Nc6 61. Nb3 Ra7 62. Nd2 Ra3 63. Rb3 Ra2 64. Bb1 Ra1 65. Bd3 Rg1 66. Kf2 Rd1 67. Ke3 Rc1 68. Rb1 Rc3 69. Rb3 Rc1 70. Rb1 Rc3 71. Rb3 e5 72. fxe5+ fxe5 73. dxe5+ Kxe5 74. Rxc3 d4+ 75. Ke2 dxc3 76. Nb3 Nd4+ 77. Nxd4 Kxd4 78. Bc2 Kc4 79. Bg6 Kb3 80. Kd1 Kb2 0-1


[Site "https://www.chess.com"]

[Event "Titled Tuesday Blitz March 08 Late 2022"]
[White "Mkrtchyan, Mariam"]
[Black "Csonka, Balazs"]
[WhiteFideId "13310828"]
[BlackFideId "742910"]
[WhiteElo "2463"]
[BlackElo "2595"]
[Result "0-1"]
[Round "11"]
[TimeControl "180+1"]
[Date "2022.03.09"]
[WhiteClock "0:00:02"]
[BlackClock "0:00:17"]

1. Nf3 Nf6 2. g3 b6 3. Bg2 Bb7 4. O-O e6 5. c4 Be7 6. d4 O-O 7. Re1 c5 8. d5 exd5 9. Nh4 d6 10. cxd5 Re8 11. Nc3 Na6 12. e4 Bf8 13. h3 c4 14. Qd4 Rc8 15. Nf5 Nd7 16. f4 g6 17. Ne3 Bg7 18. Qd1 Nf6 19. Qe2 Nc5 20. Nxc4 Ba6 21. e5 Nh5 22. b3 Nxg3 23. Qf3 Nf5 24. Bb2 Nh4 25. Qg4 Nxg2 26. Qxg2 Nd3 27. Re4 Bxc4 28. bxc4 Nxb2 29. Qxb2 dxe5 30. Rae1 Qc7 31. fxe5 Rxe5 0-1


[Site "https://www.chess.com"]

[Event "Titled Tuesday Blitz March 08 Late 2022"]
[White "Moksh Amit Doshi"]
[Black "Bibasa, Bob"]
[WhiteFideId "25064967"]
[BlackFideId "10000240"]
[WhiteElo "2245"]
[BlackElo "2056"]
[Result "1-0"]
[Round "11"]
[TimeControl "180+1"]
[Date "2022.03.08"]
[WhiteClock "0:02:04"]
[BlackClock "0:01:21"]

1. e3 e5 2. d4 exd4 3. exd4 d5 4. Nf3 Nf6 5. Bd3 Bd6 6. Qe2+ Qe7 7. Qxe7+ Kxe7 8. O-O Bg4 9. Re1+ Kd8 10. Ne5 Be6 11. Bg5 Nd7 12. f4 h6 13. Bh4 Bg4 14. Nxg4 g5 15. Nxf6 Nxf6 16. fxg5 hxg5 17. Bxg5 Be7 18. Nd2 Rg8 19. Nf3 Kd7 20. Rxe7+ Kxe7 21. Re1+ Kd6 22. Bxf6 Rae8 23. Rxe8 Rxe8 24. h4 Re6 25. Be5+ Kc6 26. h5 f6 27. Bf4 Re8 28. h6 Kd7 29. h7 Ke7 30. Bh6 Kf7 31. Nh4 1-0


[Site "https://www.chess.com"]

[Event "Titled Tuesday Blitz March 08 Late 2022"]
[White "Morris-Suzuki, Sophie"]
[Black "Mekhitarian, Krikor Sevag"]
[WhiteFideId "30922615"]
[BlackFideId "2107660"]
[WhiteElo "2494"]
[BlackElo "2598"]
[Result "0-1"]
[Round "11"]
[TimeControl "180+1"]
[Date "2022.03.08"]
[WhiteClock "0:00:20"]
[BlackClock "0:00:10"]

1. d4 Nf6 2. c4 g6 3. Nc3 d5 4. cxd5 Nxd5 5. g3 Bg7 6. Bg2 Nb6 7. Nf3 Nc6 8. e3 O-O 9. O-O Re8 10. Nh4 a5 11. Rb1 a4 12. f4 Nb4 13. Qe2 c6 14. a3 N4d5 15. Ne4 Nc7 16. Bd2 Be6 17. Rbc1 Bd5 18. Bb4 Nc8 19. Bf3 Nd6 20. Ng5 Bxf3 21. Nhxf3 h6 22. Nh3 Nd5 23. e4 Nxb4 24. axb4 Nb5 25. Rfd1 Nxd4 26. Nxd4 Bxd4+ 27. Kg2 e5 28. fxe5 Qb6 29. Qd2 Bxe5 30. Qxh6 Bg7 31. Qf4 Qxb4 32. Ng5 Re7 33. Qd6 Qxd6 34. Rxd6 Bxb2 35. Rcd1 a3 36. Rd8+ Rxd8 37. Rxd8+ Kg7 38. Ra8 b5 39. Nf3 b4 40. Nd2 c5 41. Nc4 Rxe4 42. Nb6 Re2+ 43. Kf3 Rxh2 44. Nc4 Rc2 45. Ne3 Rc3 46. Ke4 Rxe3+ 47. Kxe3 b3 48. Kd3 a2 49. Kc4 a1=Q 50. Rxa1 Bxa1 51. Kxb3 Bd4 52. Kc4 Kf6 53. Kd5 Kg5 54. Ke4 Kg4 55. Kd5 Kxg3 56. Kd6 f5 57. Ke7 f4 58. Kf7 f3 59. Kxg6 f2 60. Kf7 f1=Q+ 61. Ke6 Qf6+ 62. Kd5 Bg1 63. Kc4 Qd4+ 64. Kb5 c4 65. Kc6 Kf4 66. Kb7 Qc5 67. Ka6 Bh2 68. Kb7 Ke5 69. Ka6 Qb4 70. Ka7 Kd6 71. Ka6 Kc7 72. Ka7 Qa4# 0-1


[Site "https://www.chess.com"]

[Event "Titled Tuesday Blitz March 08 Late 2022"]
[White "Papasimakopoulos, Alexandros"]
[Black "Golubev, Mikhail"]
[WhiteFideId "4244125"]
[BlackFideId "14100983"]
[WhiteElo "2340"]
[BlackElo "2374"]
[Result "0-1"]
[Round "11"]
[TimeControl "180+1"]
[Date "2022.03.08"]
[WhiteClock "0:00:31"]
[BlackClock "0:00:44"]

1. d4 Nf6 2. c4 g6 3. Nc3 Bg7 4. e4 d6 5. Nge2 Nbd7 6. Ng3 e5 7. d5 h5 8. h4 a5 9. Be2 Nc5 10. Be3 Bh6 11. Bxh6 Rxh6 12. Qd2 Rh8 13. Rb1 Kf8 14. b3 Kg7 15. a3 a4 16. b4 Nb3 17. Qg5 Nd4 18. Bd3 Bd7 19. Nf5+ Nxf5 20. exf5 e4 21. Bxe4 Nxe4 22. Nxe4 Bxf5 23. Qxd8 Raxd8 24. f3 Rhe8 25. Kd2 Bxe4 26. fxe4 Rxe4 27. Kd3 Rde8 28. Rh3 Re2 29. c5 Rxg2 30. cxd6 cxd6 31. Rc1 Ree2 32. Rc7 Rd2+ 33. Ke3 Rge2+ 34. Kf3 Re5 35. Rh1 b5 36. Rb7 Rexd5 37. Re1 R2d3+ 38. Ke4 R3d4+ 39. Kf3 Rxh4 40. Ree7 Rf5+ 41. Kg3 Rg4+ 42. Kh3 Rc4 43. Re3 g5 44. Rd3 g4+ 45. Kh4 Rc1 46. Rxd6 Rc3 47. Rdb6 Rh3# 0-1


[Site "https://www.chess.com"]

[Event "Titled Tuesday Blitz March 08 Late 2022"]
[White "Petrovic, Aleksa"]
[Black "Chiu, Isaac"]
[WhiteFideId "967629"]
[BlackFideId "30900654"]
[WhiteElo "2497"]
[BlackElo "2596"]
[Result "1-0"]
[Round "11"]
[TimeControl "180+1"]
[Date "2022.03.09"]
[WhiteClock "0:00:19"]
[BlackClock "0:00:12"]

1. d4 e5 2. dxe5 Nc6 3. Nf3 Qe7 4. Nc3 Nxe5 5. e4 Nxf3+ 6. Qxf3 d6 7. Nd5 Qd8 8. Bc4 Be6 9. Bd2 c6 10. Ne3 Bxc4 11. Nxc4 Nf6 12. O-O-O Qc7 13. Bg5 Be7 14. Bxf6 Bxf6 15. Nxd6+ Kf8 16. Rhe1 Rd8 17. e5 Bxe5 18. Rxe5 Rxd6 19. Qa3 c5 20. Rxc5 Rxd1+ 21. Kxd1 Qd6+ 22. Ke2 Qe7+ 23. Kf1 Qe1+ 1-0


[Site "https://www.chess.com"]

[Event "Titled Tuesday Blitz March 08 Late 2022"]
[White "Pinheiro, Iung Alicio de O."]
[Black "Kushko, Dmitriy"]
[WhiteFideId "2104350"]
[BlackFideId "14162261"]
[WhiteElo "2616"]
[BlackElo "2225"]
[Result "0-1"]
[Round "11"]
[TimeControl "180+1"]
[Date "2022.03.08"]
[WhiteClock "0:00:05"]
[BlackClock "0:00:47"]

1. c4 g6 2. g3 Bg7 3. Bg2 Nf6 4. Nc3 O-O 5. e4 c5 6. Nge2 Nc6 7. O-O Ne8 8. f4 Nc7 9. f5 Rb8 10. a4 a6 11. a5 e6 12. d3 d6 13. g4 b5 14. axb6 Rxb6 15. Ng3 Nd4 16. Kh1 Qh4 17. Bf4 g5 18. Be3 Be5 19. Bf2 Rxb2 20. Ra2 Rxf2 21. Rfxf2 Bxg3 22. Qg1 Bxf2 23. Rxf2 Qxg4 24. Qf1 exf5 25. Bh3 Qh4 26. exf5 Kh8 27. Bg2 Bxf5 28. Rxf5 Nxf5 29. Qxf5 Qe1+ 30. Bf1 Qxc3 31. Kg2 Ne6 32. Be2 Qe5 33. Qf2 Nf4+ 0-1


[Site "https://www.chess.com"]

[Event "Titled Tuesday Blitz March 08 Late 2022"]
[White "Przybylski, Wojciech"]
[Black "Antonova, Nadezhda"]
[WhiteFideId "1117599"]
[BlackFideId "14700182"]
[WhiteElo "2133"]
[BlackElo "1751"]
[Result "1-0"]
[Round "11"]
[TimeControl "180+1"]
[Date "2022.03.09"]
[WhiteClock "0:01:34"]
[BlackClock "0:01:26"]

1. e4 c5 2. Nf3 d6 3. d4 cxd4 4. Nxd4 Nf6 5. Nc3 a6 6. Be3 e5 7. Nb3 Be6 8. f3 Be7 9. Qd2 h5 10. O-O-O Nbd7 11. Nd5 Nxd5 12. exd5 Bf5 13. Bd3 Bxd3 14. Qxd3 Rc8 15. Kb1 Qc7 16. f4 exf4 17. Bxf4 O-O 18. Nd4 g6 19. Ne6 Nc5 20. Nxc5 Qxc5 21. Be3 Qc7 22. Bd4 Bg5 23. h4 Bh6 24. g4 hxg4 25. h5 Bg7 26. hxg6 fxg6 27. Qxg6 Rf4 28. Bxg7 Qxg7 29. Qe6+ 1-0


[Site "https://www.chess.com"]

[Event "Titled Tuesday Blitz March 08 Late 2022"]
[White "Ronka, Erik"]
[Black "Piesik, Piotr"]
[WhiteFideId "505080"]
[BlackFideId "1136194"]
[WhiteElo "2264"]
[BlackElo "2190"]
[Result "0-1"]
[Round "11"]
[TimeControl "180+1"]
[Date "2022.03.08"]
[WhiteClock "0:00:34"]
[BlackClock "0:00:25"]

1. e4 g6 2. d4 Bg7 3. Nf3 c6 4. h3 d6 5. e5 Nd7 6. exd6 exd6 7. Bf4 Nb6 8. Bd3 Nf6 9. O-O O-O 10. c4 Re8 11. Nc3 Be6 12. b3 d5 13. c5 Nc8 14. Qd2 Ne7 15. b4 Bf5 16. a4 Bxd3 17. Qxd3 Nf5 18. g4 Ne7 19. Rfe1 h5 20. Ne5 hxg4 21. hxg4 Nd7 22. f3 Nxe5 23. Bxe5 Qd7 24. b5 Bxe5 25. dxe5 Qe6 26. Kg2 Kg7 27. Qd4 Rh8 28. Ne2 g5 29. Qc3 Rh4 30. Ng3 Rah8 31. Rh1 Rxh1 32. Rxh1 d4 33. Qxd4 Qa2+ 34. Qf2 Qxa4 35. Nh5+ Kf8 36. Qd4 Qxd4 0-1


[Site "https://www.chess.com"]

[Event "Titled Tuesday Blitz March 08 Late 2022"]
[White "Rorrer, Grayson"]
[Black "Janaszak, Dawid"]
[WhiteFideId "30944996"]
[BlackFideId "1119206"]
[WhiteElo "2122"]
[BlackElo "2199"]
[Result "1-0"]
[Round "11"]
[TimeControl "180+1"]
[Date "2022.03.08"]
[WhiteClock "0:01:22"]
[BlackClock "0:00:07"]

1. e4 c5 2. Nf3 e6 3. d4 cxd4 4. Nxd4 a6 5. c4 g6 6. Nc3 Bg7 7. Be3 Nc6 8. Be2 Nge7 9. c5 d5 10. cxd6 Qxd6 11. Nxc6 Qxd1+ 12. Rxd1 Nxc6 13. Na4 Rb8 14. Bb6 O-O 15. Bc5 Re8 16. Bd6 b5 17. Bxb8 bxa4 18. Bd6 Bxb2 19. O-O e5 20. Rd2 a3 21. Bc4 Be6 22. Bxa6 Bxa2 23. Bxa3 Bxa3 24. Rxa2 Bb4 25. Bb5 Re6 26. Ra6 Nd4 27. Rxe6 Nxe6 28. Bc4 Nd4 29. Ra1 Bc5 30. Ra8+ Kg7 31. Rc8 Bb6 32. Rb8 Bc5 33. Rb7 g5 34. Rxf7+ Kg6 35. Rc7 Bb4 36. Bf7+ Kf6 37. Bh5 h6 38. Rh7 g4 39. Bxg4 Kg6 40. Rd7 Bc5 41. g3 Nb3 42. Kg2 Bd4 43. Bf5+ Kf6 44. Rh7 Nc5 45. Rxh6+ Kg7 46. Rg6+ Kf7 47. h4 Nd3 48. Rd6 Ne1+ 49. Kf1 Nf3 50. h5 1-0


[Site "https://www.chess.com"]

[Event "Titled Tuesday Blitz March 08 Late 2022"]
[White "Sarkar, Justin"]
[Black "Rosen, Eric"]
[WhiteFideId "2010011"]
[BlackFideId "2032562"]
[WhiteElo "2304"]
[BlackElo "2601"]
[Result "0-1"]
[Round "11"]
[TimeControl "180+1"]
[Date "2022.03.09"]
[WhiteClock "0:00:07"]
[BlackClock "0:00:40"]

1. e4 e5 2. Nc3 Nf6 3. Bc4 Nc6 4. d3 Na5 5. Nge2 Nxc4 6. dxc4 d6 7. O-O Be7 8. Ng3 O-O 9. a4 Be6 10. b3 c6 11. Qf3 Re8 12. Nf5 Bxf5 13. Qxf5 Qd7 14. Qxd7 Nxd7 15. a5 a6 16. Be3 Nf8 17. Na4 Ne6 18. Rfd1 Rad8 19. f3 g6 20. Bb6 Rd7 21. Nc5 Nxc5 22. Bxc5 f5 23. Rd3 Kf7 24. Rad1 Ke6 25. Bb6 h5 26. Kf2 Rf8 27. Ke2 fxe4 28. fxe4 Rf4 29. Re3 Bg5 30. g3 Rg4 31. Red3 Rxe4+ 32. Kf3 d5 33. cxd5+ cxd5 34. c4 Rf7+ 35. Kg2 Re2+ 36. Kh1 d4 0-1


[Site "https://www.chess.com"]

[Event "Titled Tuesday Blitz March 08 Late 2022"]
[White "Silva, Miguel Antonio Neto"]
[Black "Rudzinska, Michalina"]
[WhiteFideId "1911929"]
[BlackFideId "1172883"]
[WhiteElo "2204"]
[BlackElo "1904"]
[Result "1-0"]
[Round "11"]
[TimeControl "180+1"]
[Date "2022.03.09"]
[WhiteClock "0:01:08"]
[BlackClock "0:01:16"]

1. Nf3 g6 2. g3 Bg7 3. Bg2 d6 4. O-O e5 5. c4 Ne7 6. Nc3 h6 7. d3 Be6 8. Nd2 c6 9. b4 O-O 10. Rb1 f5 11. b5 Nd7 12. Ba3 c5 13. Bxb7 f4 14. Bg2 Nf5 15. Nde4 Qe7 16. Bc1 Nd4 17. Nd5 Bxd5 18. cxd5 f3 19. exf3 a6 20. bxa6 Rxa6 21. Be3 Rxa2 22. Bxd4 cxd4 23. Rb7 Rfa8 24. Bh3 R2a7 25. Qb1 Bf8 26. Bxd7 Rxb7 27. Qxb7 Qd8 28. Be6+ Kh8 29. Qf7 1-0


[Site "https://www.chess.com"]